 Dungeon Crawl Stone Soup version 0.26-a0-649-gf8c6c3aab7 (webtiles) character file.

Game seed: 13167633033672759295

70 jestyr24 the Shield-Bearer (level 4, -1/42 HPs)
             Began as a Deep Dwarf Fighter on Sept 26, 2020.
             Slain by an adder (3 damage)
             ... on level 3 of the Dungeon.
             The game lasted 00:05:11 (1471 turns).

jestyr24 the Shield-Bearer (Deep Dwarf Fighter)     Turns: 1471, Time: 00:05:11

Health: -1/42      AC:  6    Str: 21    XL:     4   Next: 3%
Magic:  4/4        EV:  7    Int:  8    God:
Gold:   87         SH:  9    Dex: 12    Spells: 3/3 levels left

rFire    . . .     SeeInvis .   a - +0 war axe
rCold    . . .     Faith    .   c - +0 kite shield
rNeg     . . .     Spirit   .   b - +0 scale mail
rPois    .         Reflect  .   (no helmet)
rElec    .         Harm     .   (no cloak)
rCorr    .         Rampage  .   (no gloves)
MR       .....                  (no boots)
Stlth    ..........             (no amulet)
HPRegen  0.00/turn              (no ring)
MPRegen  0.09/turn              (no ring)

@: non-regenerating
A: damage resistance, heal wounds, sense surroundings 1, no regeneration
a: Heal Wounds


You were on level 3 of the Dungeon.
You visited 1 branch of the dungeon, and saw 3 of its levels.

You collected 87 gold pieces.

Inventory:

Hand Weapons
 a - a +0 war axe (weapon)
Missiles
 e - 3 atropa-tipped darts (quivered)
 g - 13 bolts
 h - 12 boomerangs
Armour
 b - a +0 scale mail (worn)
 c - a +0 kite shield (worn)
Jewellery
 o - an uncursed ring of fire
Scrolls
 j - a scroll of noise {unknown}
 k - a scroll of teleportation {unknown}
 l - 2 scrolls of remove curse {unknown}
Potions
 d - a potion of might
 f - 2 potions of curing {unknown}
 i - a potion of mutation {unknown}
 m - 2 potions of cancellation {unknown}
 n - a potion of degeneration {unknown}


   Skills:
 + Level 3.0 Fighting
 + Level 3.1 Axes
 + Level 3.6 Armour
 + Level 0.7 Dodging
 * Level 0.7 Stealth
 + Level 4.0 Shields


You had 3 spell levels left.
You didn't know any spells.
Your spell library was empty.

Dungeon Overview and Level Annotations

Branches:
Dungeon (3/15)

Altars:


Innate Abilities, Weirdness & Mutations

You are resistant to damage.
You can heal yourself by infusing magical energy.
You passively map a small area around you.
You do not regenerate.


Message History

The bullfrog is severely wounded.
The bullfrog hits you.
* * * LOW HITPOINT WARNING * * *
The adder closely misses you. The bullfrog hits you.
You closely miss the bullfrog.
The bullfrog is severely wounded.
You barely miss the adder. You block the adder's attack.
The bullfrog barely misses you.
The bullfrog snags a nearby mosquito with its tongue.
The bullfrog hits you. You block the adder's attack.
You miss the bullfrog.
The bullfrog is severely wounded.
You hit the adder. The bullfrog hits you.
* * * LOW HITPOINT WARNING * * *
The adder bites you but does no damage. You block the bullfrog's attack.
The adder bites you but does no damage.
Your shield prevents you from hitting the bullfrog.
The bullfrog is severely wounded.
You closely miss the adder. The bullfrog hits you. The adder bites you.
You die...

..........#.#........
,
####......#.#...#.###
# #......#.#.......#
* #
#......#....<.#### ,
*,....,#......#* ** *
*, ...,###.>..#, *, *
#...## * #....# , ,
#.#.@#, ** * #.#SF# *
#.#†...# * #+##.### ,
..# * , , , .## , ..*
.. ...


You could see a bullfrog and an adder.

Vanquished Creatures
  An adder (D:2)
  An adder skeleton (D:2)
  2 worms (D:2)
  A dart slug (D:2)
  3 leopard geckos
  2 orcs
  A ball python (D:2)
  3 giant cockroaches
  4 goblins
  7 hobgoblins
  7 bats
  3 frilled lizards
  4 kobolds
  6 rats
45 creatures vanquished.

Notes
Turn   | Place    | Note
-------+----------+-------------------------------------------
     0 | D:1      | jestyr24 the Deep Dwarf Fighter began the quest for the
                  | Orb.
     0 | D:1      | Reached XP level 1. HP: 20/20 MP: 1/1
   135 | D:1      | Reached XP level 2. HP: 21/27 MP: 2/2
   814 | D:1      | You fall into a shaft and drop 1 floor!
   831 | D:2      | Reached XP level 3. HP: 8/34 MP: 3/3
  1427 | D:3      | Reached skill level 4 in Shields
  1427 | D:3      | Reached XP level 4. HP: 16/42 MP: 4/4
  1460 | D:3      | Noticed a bullfrog
  1470 | D:3      | HP: 2/42 [bullfrog (5)]
  1471 | D:3      | Slain by an adder

Illustrated notes

Levels and vault maps discovered:
D:1:      erik_arrival_blinker_ship, layout_basic, chequers_avenue
D:2:      layout_basic, item_on_display_a
D:3:      layout_basic

Skill      XL: |  1  2  3 |
---------------+----------+-----
Fighting       | 3 |  3.0
Axes           | 3 |  3.1
Shields        | 4 |  4.0
Armour         | |  3.6
Dodging        | |  0.7
Stealth        | |  0.7

Action                   |  1- 3 |  4- 6 || total
-------------------------+-------+-------++-------
Melee: War axe           |   148 |     9 ||   157
 Abil: Heal Wounds       |     1 |       ||     1
  Use: Potion            |     2 |       ||     2
Armor: Scale mail        |    98 |     8 ||   106
Dodge: Dodged            |    61 |     6 ||    67
Block: Kite shield       |   101 |     7 ||   108

Table legend: (Time is in decaauts)
 A = Elapsed time spent in this place.
 B = Non-inter-level travel time spent in this place.
 C = Inter-level travel time spent in this place.
 D = Time resting spent in this place.
 E = Time spent auto-exploring this place.
 F = Levels seen in this place.
 G = Mean time per level.
                   A        B        C        D        E       F      G
               +--------+--------+--------+--------+--------+-----+--------+
         Total |   1552 |   1552 |      0 |    202 |    816 |   3 |  517.3 |
       Dungeon |   1552 |   1552 |      0 |    202 |    816 |   3 |  517.3 |
               +--------+--------+--------+--------+--------+-----+--------+

Top non-repeatable levels by time:
     D:1: 841 daAuts
     D:2: 656 daAuts
     D:3: 54 daAuts
